 Dungeon Crawl Stone Soup version 0.27-a0-1431-gcffa5a9b16 (webtiles) character file.

Game seed: 1017765892796291677

46 freelancePsychic the Caller (level 3, 0/27 HPs)
             Began as a Merfolk Summoner on July 3, 2021.
             Was an Initiate of Hepliaklqana.
             Killed from afar by a white imp (11 damage)
             ... with a puff of frost
             ... on level 3 of the Dungeon.
             The game lasted 00:04:13 (2871 turns).

freelancePsychic the Caller (Merfolk Summoner)      Turns: 2871, Time: 00:04:14

Health: 0/27       AC:  3    Str:  8    XL:     3   Next: 68%
Magic:  4/6        EV: 12    Int: 15    God:    Hepliaklqana [......]
Gold:   59         SH:  0    Dex: 14    Spells: 3/6 levels left

rFire    . . .     SeeInvis .   f - +2 dagger (speed)
rCold    . . .     Faith    .   (no shield)
rNeg     . . .     Spirit   .   a - +0 robe
rPois    .         Reflect  .   (no helmet)
rElec    .         Harm     .   (no cloak)
rCorr    .         Rampage  .   (no gloves)
Will     .....                  b - +0 pair of boots
Stlth    ++........             (no amulet)
HPRegen  0.09/turn              (no ring)
MPRegen  0.10/turn              (no ring)

@: no status effects
A: (nimble swimmer 2), mertail
a: Renounce Religion


You were on level 3 of the Dungeon.
You worshipped Hepliaklqana.
Hepliaklqana was noncommittal.
You visited 1 branch of the dungeon, and saw 3 of its levels.

You collected 59 gold pieces.

Inventory:

Hand Weapons
 f - a +2 dagger of speed (weapon)
 g - a +0 spear
Armour
 a - a +0 robe (worn)
 b - a +0 pair of boots (worn)
Magical Staves
 c - a staff of conjuration
Wands
 h - a wand of digging (4)
Scrolls
 d - a scroll of teleportation {unknown}
Potions
 e - 2 potions of flight {unknown}


   Skills:
 + Level 1.9 Fighting
 + Level 1.6 Polearms
 - Level 2.6 Dodging
 - Level 2.1 Stealth
 - Level 2.3 Spellcasting
 + Level 4.4 Summonings


You had 3 spell levels left.
You knew the following spells:

 Your Spells              Type           Power      Damage    Failure   Level
a - Summon Small Mammal   Summ           60%        N/A       3%          1
b - Call Imp              Summ           15%        N/A       5%          2

Your spell library contained the following spells:

 Spells                   Type           Power      Damage    Failure   Level
 Call Canine Familiar     Summ           15%        N/A       11%         3
 Summon Guardian Golem    Hex/Summ       8%         N/A       26%         3
 Passwall                 Tmut/Erth      0%         N/A       32%         2
 Slow                     Hex            1%         N/A       32%         2
 Confusing Touch          Hex            1%         N/A       54%         3
 Portal Projectile        Hex/Tloc       2%         N/A       54%         3
 Swiftness                Air            1%         N/A       54%         3
 Summon Ice Beast         Ice/Summ       8%         N/A       65%         4
 Summon Lightning Spire   Summ/Air       8%         N/A       65%         4
 Leda's Liquefaction      Hex/Erth       0%         N/A       91%         4
 Yara's Violent Unravell  Hex/Tmut       0%         3d3       99%         5
 Invisibility             Hex            0%         N/A       100%        6


Dungeon Overview and Level Annotations

Branches:
Dungeon (3/15)

Altars:
Hepliaklqana

Shops:
D:2 *


Innate Abilities, Weirdness & Mutations

((You are quick and stealthy near water. (Stealth+, EV+, Speed+++)))
Your lower body shifts to a powerful aquatic tail in water.


Message History

Found a ring mail.
A kobold comes into view. It is wielding a +0 short sword.
A kobold is nearby!
A white imp comes into view.
The white imp shouts!
The kobold shouts!
The kobold throws a stone.
The stone hits you.
A kobold comes into view. It is wielding a +0 dagger.
The kobold barely misses you.
The kobold shouts!
You hit the kobold.
The kobold is severely wounded.
You barely miss the kobold.
The kobold is severely wounded.
An orc comes into view. It is wielding a +0 flail.
The kobold closely misses you.
Casting: Summon Small Mammal (safe; 3% risk of failure)
Confirm with . or Enter, or press ? or * to list all spells.
A metallic apparition takes form in the air.
The orc shouts!
The kobold hits you with a +0 short sword.
The white imp hits you but does no damage.
You hit the white imp but do no damage.
The white imp hits you but does no damage.
The kobold hits you with a +0 short sword.
You hit the white imp but do no damage.
Your iron imp barely misses the white imp.
You hit the kobold.
You kill the kobold!
The white imp closely misses you.
You hit the white imp but do no damage.
Your iron imp hits the white imp.
The white imp grins evilly.
The white imp gestures at you. The puff of frost hits you!
You closely miss the white imp.
The white imp is lightly wounded.
You closely miss the white imp.
The white imp is lightly wounded.
The white imp gestures at you. The puff of frost hits you!
You die...

.# ##### #.....# .#
#...######.....####.. .#
#.................... .#
#...#######.##.##....
.###..># #.# .##...#
..##...# #.# ......#
.......#### #.# .......
..........####.##K......
..........#..$..@5o.....
....)..........##5..#..#
....†.......#### ...#
##.#†...>(.. ...#
##.##....... ....#
....#.#..... ###.#
###.#....... ..
....##...... .. #.#.#
##....


You could see a white imp (ally target), an orc, a kobold and a friendly iron
imp (summoned).

Vanquished Creatures
  Jessica (D:3)
  An orc (D:3)
  2 bats (D:1)
  An endoplasm (D:1)
  5 hobgoblins
  3 kobolds
  A ball python (D:1)
  A frilled lizard (D:2)
  A goblin (D:1)
  3 rats
19 creatures vanquished.

Vanquished Creatures (collateral kills)
  A hobgoblin (D:1)
1 creature vanquished.

Grand Total: 20 creatures vanquished

Notes
Turn   | Place    | Note
-------+----------+-------------------------------------------
     0 | D:1      | freelancePsychic the Merfolk Summoner began the quest for
                  | the Orb.
     0 | D:1      | Reached XP level 1. HP: 13/13 MP: 3/3
   760 | D:1      | Reached XP level 2. HP: 20/20 MP: 5/5
   982 | D:1      | Found a faded altar of an unknown god.
  1009 | D:1      | Reached skill level 1 in Fighting
  1555 | D:2      | Found Kigioh's General Store.
  1926 | D:2      | Learned a level 2 spell: Call Imp
  2432 | D:2      | Found a hazy altar of Hepliaklqana.
  2593 | D:2      | Became a worshipper of Hepliaklqana the Forgotten
  2624 | D:3      | Noticed Jessica
  2642 | D:3      | Killed Jessica
  2643 | D:3      | Reached skill level 1 in Polearms
  2643 | D:3      | Reached XP level 3. HP: 10/27 MP: 1/6
  2871 | D:3      | Killed from afar by a white imp

Illustrated notes

Levels and vault maps discovered:
D:1:      wander_arrival_abandoned_jail, layout_basic,
          shapermc_ecumenical_altar_mp_ritualfount, hangedman_decor_points
D:2:      layout_basic, serial_shops, nicolae_shop_window_shopping, basic_altar
D:3:      layout_rooms, serial_corexii_hall, corexii_hall_statues_x,
          corexii_hall_statues_l, hex_large, palyth_stone_intersect,
          uniq_jessica

Skill      XL: |  1  2 |
---------------+-------+-----
Fighting       | 1 |  1.9
Polearms       | 1 |  1.6
Dodging        | |  2.6
Stealth        | |  2.1
Spellcasting   | |  2.3
Summonings     | |  4.4

Action                   || total
-------------------------++-------
Melee: Staff             ||    74
       Unarmed           ||     5
       Dagger            ||    26
 Cast: Summon Small Mamm ||     7
       Call Imp          ||     2
  Use: Scroll            ||     2
 Stab: Sleeping          ||     3
       Distracted        ||     1
Armor: Robe              ||    28
Dodge: Dodged            ||    68

Table legend: (Time is in decaauts)
 A = Elapsed time spent in this place.
 B = Non-inter-level travel time spent in this place.
 C = Inter-level travel time spent in this place.
 D = Time resting spent in this place.
 E = Time spent auto-exploring this place.
 F = Levels seen in this place.
 G = Mean time per level.
                   A        B        C        D        E       F      G
               +--------+--------+--------+--------+--------+-----+--------+
         Total |   2876 |   2793 |     83 |    137 |   2392 |   3 |  958.7 |
       Dungeon |   2876 |   2793 |     83 |    137 |   2392 |   3 |  958.7 |
               +--------+--------+--------+--------+--------+-----+--------+

Top non-repeatable levels by time:
     D:1: 1497 daAuts
     D:2: 1116 daAuts
     D:3: 262 daAuts
